 Dungeon Crawl Stone Soup version 0.20.1-1-g8b1a95d (webtiles) character file.

60 SmSkdm the Grave Robber (level 3, -1/26 HPs)
             Began as a Draconian Necromancer on Oct 28, 2017.
             Was an Initiate of Yredelemnul.
             Slain by an iguana (2 damage)
             ... on level 4 of the Dungeon.
             The game lasted 00:21:05 (1327 turns).

SmSkdm the Grave Robber (Draconian Necromancer)     Turns: 1327, Time: 00:21:05

Health: -1/26      AC:  6    Str: 10    XL:     3   Next: 80%
Magic:  1/7        EV: 12    Int: 15    God:    Yredelemnul [......]
Gold:   54         SH:  0    Dex: 12    Spells: 5/7 levels left

rFire    . . .     SeeInvis .   e - +0 spear
rCold    . . .     Gourm    .   (no shield)
rNeg     . . .     Faith    .   (armour unavailable)
rPois    .         Spirit   .   (helmet restricted)
rElec    .         Reflect  .   d - +0 cloak
rCorr    .         Harm     .   (no gloves)
MR       .....                  (no boots)
Stlth    ++........             (no amulet)
Regen    0.1/turn               (no ring)
MPRegen  0.1/turn               (no ring)

@: no status effects
A: unfitting armour, cold-blooded, AC +5
a: Renounce Religion


You were on level 4 of the Dungeon.
You worshipped Yredelemnul.
Yredelemnul was noncommittal.
You were very hungry.

You visited 1 branch of the dungeon, and saw 4 of its levels.

You collected 54 gold pieces.

Inventory:

Hand Weapons
 e - a +0 spear (weapon)
 k - a +0 whip
 t - a +0 quarterstaff
 u - a +0 trident
Missiles
 c - 34 arrows
 g - 9 bolts
Armour
 d - a +0 cloak (worn)
 i - a +0 shield
Wands
 q - a wand of lightning (4/15)
Scrolls
 n - a scroll of teleportation
 s - a scroll of immolation {unknown}
Potions
 f - a potion of agility {unknown}
 h - a potion of mutation {unknown}
 v - a potion of curing {unknown}
 w - a potion of lignification {unknown}
Books
 a - a book of Necromancy

   Spells                             Type                      Level
   a - Pain                           Necromancy                   1
   b - Animate Skeleton               Necromancy                   1
   c - Vampiric Draining              Necromancy                   3
   d - Regeneration                   Charms/Necromancy            3
   e - Animate Dead                   Necromancy                   4
   f - Control Undead                 Necromancy                   4
Comestibles
 b - 2 bread rations
 o - a fruit
 p - a meat ration
 r - a royal jelly


   Skills:
 + Level 2.0 Dodging
 + Level 2.1 Stealth
 + Level 2.9 Spellcasting
 + Level 4.6 Necromancy


You had 5 spell levels left.
You knew the following spells:

 Your Spells              Type           Power        Failure   Level  Hunger
a - Pain                  Necr           ###.         3%          1    #......
b - Animate Skeleton      Necr           N/A          3%          1    #......


Dungeon Overview and Level Annotations

Branches:
Dungeon (4/15)
 Temple: D:4-7

Altars:
Makhleb
Yredelemnul


Innate Abilities, Weirdness & Mutations

Your plain brown scales are hard. (AC +5)
You cannot fit into any form of body armour.
You are cold-blooded and may be slowed by cold attacks.


Message History

Aim: an iguana (heavily wounded, chance to defeat MR: 81%)
The iguana writhes in agony!
Found a stone staircase leading up.
Casting: Pain
Confirm with . or Enter, or press ? or * to list all spells.
Aiming: Pain
Press: ? - help, Shift-Dir - straight line, f/p - iguana
Aim: an iguana (severely wounded, chance to defeat MR: 81%)
The iguana writhes in agony!
Casting: Pain
Confirm with . or Enter, or press ? or * to list all spells.
Aiming: Pain
Press: ? - help, Shift-Dir - straight line, f/p - iguana
Aim: an iguana (severely wounded, chance to defeat MR: 81%)
The iguana barely resists.
The iguana completely misses you. The iguana misses you.
There is a stone staircase leading up here.
The iguana bites you.
You die...
Your body rises from the dead as a mindless zombie.

##.$......#
##.........## .
##....(......##
###.............##
##...............##
#.........).......##
#..................#
...%...............##
...............l@...#
..................#..#
.............)....# .#
.................##
........$.......##
................#
...............##
................
......


You could see an iguana.

Vanquished Creatures
  Robin (D:3)
  3 dart slugs
  A leopard gecko (D:3)
  4 bats (D:1)
  2 giant cockroaches (D:1)
  6 hobgoblins
  6 kobolds
  A quokka (D:2)
  A frilled lizard (D:1)
  8 goblins
  2 rats
35 creatures vanquished.

Vanquished Creatures (collateral kills)
  4 goblins
4 creatures vanquished.

Grand Total: 39 creatures vanquished

Notes
Turn   | Place    | Note
-------+----------+-------------------------------------------
     0 | D:1      | SmSkdm the Draconian Necromancer began the quest for the Orb.
     0 | D:1      | Reached XP level 1. HP: 14/14 MP: 3/3
    87 | D:1      | Learned a level 1 spell: Animate Skeleton
   130 | D:1      | Reached XP level 2. HP: 10/20 MP: 0/5
   650 | D:2      | Found a basalt altar of Yredelemnul.
   660 | D:2      | Became a worshipper of Yredelemnul the Dark
   742 | D:2      | Reached XP level 3. HP: 16/26 MP: 0/6
  1048 | D:3      | Noticed Robin
  1148 | D:3      | Killed Robin
  1173 | D:4      | Found a burning altar of Makhleb.
  1271 | D:4      | Noticed an ogre
  1327 | D:4      | Slain by an iguana

Skill      XL: |  1  2  3 |
---------------+----------+-----
Dodging        | 2 |  2.0
Stealth        | 2 |  2.1
Spellcasting   | |  2.9
Necromancy     | |  4.6

Action                   || total
-------------------------++-------
Melee: Spear             ||    21
       Unarmed           ||     3
       Tailslap          ||     2
 Cast: Pain              ||    73
       Animate Skeleton  ||    12
Evoke: Wand              ||     2
  Use: Scroll            ||     4
  Eat: Chunk             ||     1
Armor: Skin              ||    16
Dodge: Dodged            ||    40
